 Dungeon Crawl Stone Soup version 0.23.2-40-g277498a001 (webtiles) character file.

Game seed: 12890476553931026149

266 BreadTh the Firebug (level 5, -4/41 HPs)
             Began as a Demigod Fire Elementalist on Aug 30, 2019.
             Killed from afar by an orc wizard (6 damage)
             ... with a puff of frost
             ... on level 5 of the Dungeon.
             The game lasted 00:11:54 (3526 turns).

BreadTh the Firebug (Demigod Fire Elementalist)     Turns: 3526, Time: 00:11:54

Health: -4/41      AC:  5    Str: 11    XL:     5   Next: 67%
Magic:  6/19       EV: 11    Int: 19    God:
Gold:   227        SH:  0    Dex: 18    Spells: 2/8 levels left

rFire    . . .     SeeInvis .   l - +2 falchion (protect)
rCold    . . .     Gourm    .   (no shield)
rNeg     . . .     Faith    .   q - +0 leather armour
rPois    .         Spirit   .   n - +1 helmet
rElec    .         Reflect  .   p - scarf {repulsion}
rCorr    .         Harm     .   (no gloves)
MR       .....                  (no boots)
Stlth    ++........             (no amulet)
HPRegen  0.13/turn              e - ring of magical power
MPRegen  0.16/turn              (no ring)

@: heavily drained, repel missiles
A: high mp 1
a: no special abilities


You were on level 5 of the Dungeon.
You were hungry.

You visited 1 branch of the dungeon, and saw 5 of its levels.

You collected 227 gold pieces.

Inventory:

Hand Weapons
 l - a +2 falchion of protection (weapon)
 v - a +0 whip of venom
Missiles
 j - 56 stones (quivered)
Armour
 n - a +1 helmet (worn)
 p - a scarf of repulsion (worn)
 q - a +0 leather armour (worn)
Jewellery
 e - a ring of magical power (left hand)
 t - an uncursed ring of teleportation
Wands
 f - a wand of digging (4)
 s - a wand of random effects (9)
Scrolls
 b - a scroll of identify
 d - 2 scrolls of teleportation
 o - a scroll of amnesia
Potions
 g - a potion of curing
 h - a potion of magic
 i - a potion of might
 k - 3 potions of lignification
 m - a potion of heal wounds
 u - a potion of agility
 z - 2 potions of ambrosia
Comestibles
 c - 9 rations


   Skills:
 - Level 2.2(0.7) Fighting
 - Level 2.0(0.4) Dodging
 - Level 2.0(0.4) Stealth
 - Level 2.0(0.4) Spellcasting
 * Level 3.6(2.0) Conjurations
 + Level 3.8(2.2) Fire Magic


You had 2 spell levels left.
You knew the following spells:

 Your Spells              Type           Power        Failure   Level  Hunger
a - Flame Tongue          Conj/Fire      #....        11%         1    ##.....
b - Throw Flame           Conj/Fire      #.....       17%         2    ###....
c - Conjure Flame         Conj/Fire      #.......     32%         3    ####...

Your spell library contained the following spells:

 Spells                   Type           Power        Failure   Level  Hunger
 Inner Flame              Hex/Fire       #.......     45%         3    ####...
 Sticky Flame             Conj/Fire      #.......     73%         4    #####..
 Fireball                 Conj/Fire      #.........   97%         5    ######.


Dungeon Overview and Level Annotations

Branches:
Dungeon (5/15)
 Temple: D:4-7

Portals:
Sewer: D:5

Annotations:
D:4 2 transporters, exaltech's ghost, novice GnWz


Innate Abilities, Weirdness & Mutations

You have an increased reservoir of magic. (+10% MP)


Message History

* * * LOW HITPOINT WARNING * * *
Something hits you but does no damage. The orc hits you but does no damage.
You feel drained.
Casting: Flame Tongue (safe; 10% risk of failure)
Confirm with . or Enter, or press ? or * to list all spells.
Aiming: Flame Tongue (safe; 10% risk of failure)
Press: ? - help, Shift-Dir - straight line, f - orc
Aim: an orc, wielding a +1 dagger of draining and wearing a +0 leather armour (moderately wounded)
The flame tongue misses the orc.
You hear some strange, mumbled words.
A puff of frost appears from out of thin air!
The puff of frost hits you.
* * * LOW HITPOINT WARNING * * *
The orc hits you with a +1 dagger of draining.
* * * LOW HITPOINT WARNING * * *
You feel drained. The orc hits you but does no damage.
You hear some strange, mumbled words.
A puff of frost appears from out of thin air!
The puff of frost hits you.
You die...

.. ≈≈### ≈$≈ ≈≈...#
≈≈≈ ≈....
≈w####...#
##......# #...#...#
...$.. #...o..#
......
#..o..(###......
≈≈....##@..#.......
≈.... #...#.......
#... #...#.......
#.. #........... ##
#........#.
#.#.....##
###.....# #.....#
#.....#


You could see a worm and 2 orcs.

Vanquished Creatures
  An ogre (D:4)
  2 orc priests (D:3)
  Jessica (D:3)
  A worker ant (D:4)
  An ooze (D:4)
  2 adder skeletons
  A worm (D:3)
  A dart slug (D:4)
  A leopard gecko (D:4)
  3 orcs
  3 giant cockroaches (D:3)
  6 goblins
  5 hobgoblins
  2 quokkas
  5 bats
  2 frilled lizards
  9 kobolds
  5 rats
51 creatures vanquished.

Vanquished Creatures (others)
  An orc wizard (D:5)
1 creature vanquished.

Grand Total: 52 creatures vanquished

Notes
Turn   | Place    | Note
-------+----------+-------------------------------------------
     0 | D:1      | BreadTh the Demigod Fire Elementalist began the quest for
                  | the Orb.
     0 | D:1      | Reached XP level 1. HP: 14/14 MP: 5/5
   210 | D:1      | Reached skill level 1 in Conjurations
   594 | D:1      | Reached XP level 2. HP: 22/22 MP: 4/7
  1569 | D:2      | Found a deep blue altar of Sif Muna.
  1837 | D:3      | Reached XP level 3. HP: 27/27 MP: 8/8
  1841 | D:3      | Reached skill level 1 in Fighting
  1984 | D:3      | HP: 1/28 [orc priest/divine providence (13)]
  2209 | D:3      | Reached XP level 4. HP: 5/35 MP: 9/9
  2488 | D:3      | Found a hide-covered altar of Uskayaw.
  2494 | D:3      | Noticed a +0 dagger
  2494 | D:3      | Noticed a +0 dagger
  2544 | D:3      | Noticed Jessica
  2552 | D:3      | Learned a level 3 spell: Conjure Flame
  2555 | D:3      | Learned a level 2 spell: Throw Flame
  2563 | D:3      | Killed Jessica
  2960 | D:4      | Found a transporter.
  2968 | D:4      | Found a transporter.
  2969 | D:4      | Noticed exaltech's ghost (novice GnWz)
  3013 | D:4      | Found a sparkling altar of Nemelex Xobeh.
  3016 | D:4      | Found an ornate altar of the Wu Jian Council.
  3071 | D:4      | Noticed an ogre
  3076 | D:4      | Killed an ogre
  3076 | D:4      | Reached XP level 5. HP: 35/41 MP: 10/10
  3244 | D:4      | Found an iron altar of Okawaru.
  3428 | D:5      | Entered Level 5 of the Dungeon
  3434 | D:5      | Found a blossoming altar of Fedhas.
  3506 | D:5      | Found a glowing drain.
  3525 | D:5      | HP: 2/41 [orc/+1 dagger of draining (1)]
  3526 | D:5      | Killed from afar by an orc wizard

Skill      XL: |  1  2  3  4 |
---------------+-------------+-----
Conjurations   | 1 2 3 |  3.6
Stealth        | 2 |  2.0
Spellcasting   | 2 |  2.0
Fire Magic     | 3 |  3.8
Dodging        | 2 |  2.0
Fighting       | 1 2 |  2.2

Action                   |  1- 3 |  4- 6 || total
-------------------------+-------+-------++-------
Melee: Dagger            |    16 |       ||    16
       Falchion          |    31 |    15 ||    46
       Whip              |       |     5 ||     5
 Cast: Flame Tongue      |    46 |    33 ||    79
       Throw Flame       |       |     8 ||     8
  Use: Potion            |     1 |       ||     1
       Scroll            |       |    14 ||    14
 Stab: Sleeping          |     3 |       ||     3
  Eat: Chunk             |     5 |     4 ||     9
Armor: Robe              |     2 |       ||     2
       Leather armour    |    16 |    19 ||    35
       Ring mail         |     3 |       ||     3
Dodge: Dodged            |    41 |    20 ||    61
       Deflected         |     1 |     2 ||     3
       Rpst.: Falchion   |     6 |     3 ||     9
